 Dungeon Crawl Stone Soup version 0.30-a0-385-gfebfb9b408 (webtiles) character file.

Game seed: 31477229327739352

982 IdlyInterested the Twirler (level 7, -6/49 (52) HPs)
             Began as a Demonspawn Wanderer on Dec 2, 2022.
             Mangled by a wight
             ... wielding a +2 morningstar
              (7 damage)
             ... on level 6 of the Dungeon.
             The game lasted 00:27:21 (5333 turns).

IdlyInterested the Twirler (Demonspawn Wanderer)    Turns: 5333, Time: 00:27:22

HP:   -6/49 (52)    AC:  8    Str: 11    XL:     7   Next: 96%
MP:   20/20         EV: 11    Int: 19    God:
Gold: 255           SH:  0    Dex: 10    Spells: 6/12 levels left

rFire   . . .      SeeInvis .    s - staff of air
rCold   . . .      Faith    .    (no shield)
rNeg    . . .      Spirit   .    g - +2 robe {Will+}
rPois   .          Reflect  .    (helmet restricted)
rElec   +          Harm     .    (no cloak)
rCorr   .          Rampage  .    x - +0 pair of gloves
Will    ++...                    d - +0 pair of boots
Stlth   +.........               (no amulet)
HPRegen 0.28/turn                u - ring of magical power
MPRegen 0.17/turn                K - ring of willpower

@: confused, ambrosia-drunk, drained
A: antennae 1, thin metallic scales 1, foul stench 2
a: no special abilities


You were on level 6 of the Dungeon.
You visited 1 branch of the dungeon, and saw 6 of its levels.

You collected 255 gold pieces.

Inventory:

Hand Weapons
 c - a +1 vampiric dagger
 e - a +0 short sword
 k - a +0 dagger
 n - a +0 flail
 r - a +2 dagger of speed
 w - a +2 short sword of venom
 C - a +0 short sword of draining
 G - a +2 mace of venom
 J - a +2 morningstar of freezing
Missiles
 z - 2 silver boomerangs
 D - 2 poisoned darts
 F - 26 stones
Armour
 d - a +0 pair of boots (worn)
 g - a +2 robe of willpower (worn)
 x - a +0 pair of gloves (worn)
 H - a +3 leather armour
Magical Staves
 f - a staff of death
 j - a staff of poison
 s - a staff of air (weapon)
Jewellery
 u - a ring of magical power (left hand)
 K - a ring of willpower (right hand)
Scrolls
 a - 3 scrolls of teleportation
 i - a scroll of poison
 m - 2 scrolls of vulnerability {unknown}
 o - a scroll of brand weapon {unknown}
 p - a scroll of fear {unknown}
 q - a scroll of enchant weapon
 v - a scroll of magic mapping {unknown}
 y - 2 scrolls of butterflies
Potions
 b - a potion of curing
 h - 2 potions of resistance
 l - a potion of lignification
 t - a potion of mutation
 A - a potion of magic
 B - 2 potions of flight
 I - 2 potions of brilliance


   Skills:
 + Level 3.5 Fighting
 + Level 5.7 Staves
 - Level 1.0 Throwing
 - Level 1.0 Armour
 - Level 1.0 Dodging
 - Level 2.0 Stealth
 - Level 3.0 Spellcasting
 - Level 1.0 Conjurations
 - Level 1.0 Necromancy
 - Level 1.0 Ice Magic
 - Level 1.7 Air Magic
 - Level 1.0 Earth Magic
 - Level 1.0 Poison Magic
 * Level 3.3 Evocations


You had 6 spell levels left.
You knew the following spells:

 Your Spells              Type           Power      Damage    Failure   Level
a - Mephitic Cloud        Conj/Pois/Air  11%        N/A       26%         3
b - Ensorcelled Hibernat  Hex/Ice        8%         N/A       19%         2
c - Shock                 Conj/Air       48%        1d6       9%          1

Your spell library contained the following spells:

 Spells                   Type           Power      Damage    Failure   Level
 Sandblast                Erth           12%        2d6       10%         1
 Poisonous Vapours        Pois/Air       24%        N/A       13%         2
 Static Discharge         Conj/Air       24%        2-3/arc   13%         2
 Stone Arrow              Conj/Erth      12%        3d7       30%         3
 Vhi's Electric Charge    Tloc/Air       18%        N/A       32%         3
 Spider Form              Tmut/Pois      4%         N/A       36%         3
 Anguish                  Hex/Necr       2%         N/A       77%         4
 Cause Fear               Hex            1%         N/A       83%         4
 Arcjolt                  Conj/Air       6%         1d16      94%         5
 Lightning Bolt           Conj/Air       6%         1d18      94%         5
 Dragon Form              Tmut           1%         N/A       100%        7
 Malign Gateway           Summ/Tloc      1%         N/A       100%        7
 Summon Horrible Things   Summ           1%         N/A       100%        8
 Dragon's Call            Summ           1%         N/A       100%        9


Dungeon Overview and Level Annotations

Branches:
Dungeon (6/15)
 Temple: D:4-7

Altars:

Shops:
D:5 (


Innate Abilities, Weirdness & Mutations

You have a pair of small antennae on your head.
You are partially covered in thin metallic scales. (AC +2)
You sometimes emit foul miasma when damaged in melee.


Message History

The wight closely misses you.
You hit the wight but do no damage.
The wight is heavily damaged.
The wight hits you but does no damage.
You hit the wight but do no damage.
The wight is heavily damaged.
The wight hits you with a +2 morningstar!
You barely miss the wight.
The wight is heavily damaged.
You hit the wight but do no damage.
The wight is lightly damaged.
You barely miss the wight.
The wight is lightly damaged.
The wight hits you with a +4 hand axe.
You hit the wight but do no damage.
The wight is heavily damaged.
The wight hits you with a +4 hand axe! The wight misses you.
You barely miss the wight.
The wight is heavily damaged.
The wight hits you with a +4 hand axe.
You feel drained. The wight misses you.
You hit the wight.
The wight is severely damaged.
The wight hits you with a +4 hand axe.
You emit a cloud of foul miasma!
The wight hits you with a +2 morningstar.
* * * LOW HITPOINT WARNING * * *
You hit the wight but do no damage.
The wight is severely damaged.
The wight hits you but does no damage. The wight closely misses you.
You closely miss the wight.
The wight is severely damaged.
The wight hits you with a +4 hand axe!
* * * LOW HITPOINT WARNING * * *
You feel drained.
* * * LOW HITPOINT WARNING * * *
The wight misses you.
You are confused.
You feel invigorated. The wight hits you with a +4 hand axe.
* * * LOW HITPOINT WARNING * * *
The wight hits you with a +2 morningstar!
You die...

..#########
..............#
.............
#...........#
#...........# ...#
#...........#
...## #.......zz#
....## #........@#
.....# #.........#
.....###[#......##
......##.##.....#
......#.####...##
....>...# ##..#
........# ####
........#
........#


You could see 2 wights.

Vanquished Creatures
  Duvessa (D:5)
  A black bear (D:5)
  An ogre (D:6)
  A scorpion (D:5)
  A wight (D:6)
  Dowan (D:5)
  A howler monkey (D:4)
  A hound (D:4)
  4 orc priests
  6 orc wizards
  An iguana (D:4)
  3 adders
  A shadow imp (D:5)
  2 ufetubi
  3 worms (D:2)
  3 dart slugs
  20 orcs
  7 endoplasms
  5 giant cockroaches
  10 goblins
  7 hobgoblins
  4 jackals
  6 kobolds
  5 quokkas
  8 ball pythons
  8 bats
  5 frilled lizards
  9 rats
125 creatures vanquished.

Vanquished Creatures (others)
  An orc wizard (D:5)
1 creature vanquished.

Grand Total: 126 creatures vanquished

Notes
Turn   | Place    | Note
-------+----------+-------------------------------------------
     0 | D:1      | IdlyInterested the Demonspawn Wanderer began the quest for
                  | the Orb.
     0 | D:1      | IdlyInterested set off with the following items: a +0 club,
                  | a potion of lignification, a +0 robe, a +0 pair of boots;
                  | and the following spells available to memorise: Sandblast,
                  | Shock, Poisonous Vapours, Mephitic Cloud, Stone Arrow.
     0 | D:1      | Reached XP level 1. HP: 15/15 MP: 3/3
   258 | D:1      | Gained mutation: You may rarely emit foul miasma when
                  | damaged in melee. [demonic ancestry]
   258 | D:1      | Reached XP level 2. HP: 21/21 MP: 5/5
   288 | D:1      | Reached skill level 1 in Necromancy
   435 | D:1      | Reached skill level 1 in Poison Magic
   770 | D:1      | Gained mutation: You sometimes emit foul miasma when
                  | damaged in melee. [demonic ancestry]
   770 | D:1      | Reached XP level 3. HP: 24/27 MP: 6/6
  1096 | D:2      | Reached skill level 1 in Dodging
  1195 | D:2      | Reached skill level 1 in Staves
  1245 | D:1      | Learned a level 3 spell: Mephitic Cloud
  1296 | D:2      | Reached XP level 4. HP: 30/34 MP: 7/7
  1303 | D:2      | Learned a level 2 spell: Ensorcelled Hibernation
  1868 | D:3      | Learned a level 1 spell: Shock
  2393 | D:4      | Reached skill level 1 in Throwing
  2414 | D:4      | Reached skill level 2 in Staves
  2414 | D:4      | Gained mutation: You have a pair of small antennae on your
                  | head. [demonic ancestry]
  2414 | D:4      | Reached XP level 5. HP: 23/41 MP: 1/8
  2567 | D:4      | Reached skill level 1 in Conjurations
  2731 | D:4      | Reached skill level 3 in Staves
  2766 | D:4      | Reached skill level 1 in Ice Magic
  2766 | D:4      | Gained mutation: You are partially covered in thin metallic
                  | scales. (AC +2) [demonic ancestry]
  2766 | D:4      | Reached XP level 6. HP: 27/47 MP: 1/9
  3753 | D:5      | Entered Level 5 of the Dungeon
  3833 | D:5      | Reached skill level 4 in Staves
  4001 | D:5      | Reached XP level 7. HP: 40/52 MP: 11/11
  4092 | D:5      | Noticed Dowan
  4093 | D:5      | Noticed Duvessa
  4107 | D:5      | Killed Duvessa
  4109 | D:5      | Killed Dowan
  4289 | D:5      | Found Junuzun's Antique Weapon Boutique.
  4641 | D:5      | Reached skill level 5 in Staves
  5057 | D:6      | Noticed a steam dragon
  5333 | D:6      | HP: 1/49 [wight/+4 hand axe (6)]
  5333 | D:6      | Mangled by a wight

Illustrated notes

Levels and vault maps discovered:
D:1:      dpeg_arrival_ratfight, layout_rooms, hangedman_decor_lopped,
          kennysheep_boxes
D:2:      layout_rooms, eino_tiny_chamber, kennysheep_generic_room_10
D:3:      layout_basic, serial_bayou_pond_d
D:4:      layout_basic
D:5:      layout_loops_ring, mainiacjoe_overflow_surrounded_room, serial_shops,
          nicolae_shop_statue_plus, minivault_26, uniq_duvessa
D:6:      layout_cave_pods

Skill      XL: |  1  2  3  4  5  6  7 |
---------------+----------------------+-----
Stealth        | 2 |  2.0
Necromancy     | 1 |  1.0
Fighting       | 2 3 |  3.5
Poison Magic   | 1 |  1.0
Dodging        | 1 |  1.0
Staves         | 1 2 3 4 5 |  5.7
Throwing       | 1 |  1.0
Conjurations   | 1 |  1.0
Ice Magic      | 1 |  1.0
Spellcasting   | 3 |  3.0
Evocations     | 2 3 |  3.3
Armour         | |  1.0
Air Magic      | |  1.7
Earth Magic    | |  1.0

Action                   |  1- 3 |  4- 6 |  7- 9 || total
-------------------------+-------+-------+-------++-------
Melee: Staff             |   193 |   321 |    89 ||   603
       Punch             |     3 |     2 |     1 ||     6
       Unarmed           |     5 |       |       ||     5
Throw: Boomerang         |    15 |    16 |       ||    31
       Stone             |       |    11 |       ||    11
       Dart              |       |     2 |       ||     2
 Cast: Shock             |       |    28 |    15 ||    43
  Use: Potion            |     2 |     3 |     2 ||     7
       Scroll            |       |     9 |     2 ||    11
 Stab: Sleeping          |     2 |     1 |     1 ||     4
Armor: Robe              |    10 |       |    32 ||    42
       Ring mail         |    89 |   181 |       ||   270
       Skin              |     6 |       |       ||     6
       Leather armour    |       |       |    13 ||    13
Dodge: Dodged            |   129 |   146 |    66 ||   341

Table legend: (Time is in decaauts)
 A = Elapsed time spent in this place.
 B = Non-inter-level travel time spent in this place.
 C = Inter-level travel time spent in this place.
 D = Time resting spent in this place.
 E = Time spent auto-exploring this place.
 F = Levels seen in this place.
 G = Mean time per level.
                   A        B        C        D        E       F      G
               +--------+--------+--------+--------+--------+-----+--------+
         Total |   5423 |   4789 |    634 |    855 |   2281 |   6 |  903.8 |
       Dungeon |   5423 |   4789 |    634 |    855 |   2281 |   6 |  903.8 |
               +--------+--------+--------+--------+--------+-----+--------+

Top non-repeatable levels by time:
     D:4: 1508 daAuts
     D:5: 1270 daAuts
     D:1: 1052 daAuts
     D:2: 805 daAuts
     D:3: 578 daAuts
     D:6: 209 daAuts
